[Event "Tuesday 03 April Rapid Engine Tour12+1 Rounds 9 Starts 1600ST"]
[Site "Infinity Chess"]
[Date "2018.4.3"]
[Round "3"]
[White "Brtroy"]
[Black "ivrdurant"]
[Result "1/2-1/2"]
[ECO "C77"]
[WhiteElo "2502"]
[BlackElo "2472"]
[WhiteEngine "Stockfish_18040103_x64_bmi2_CTG"]
[BlackEngine "Raubfisch ME262_GTZ16d4"]
[EventType "Swiss"]
[WhiteTeam ""]
[BlackTeam ""]
[PlyCount "92"]
[TimeControl "720+1"]

1. e4 e5 2. Nf3 Nc6 3. Bb5 a6 4. Ba4 Nf6 5. O-O Be7 6. Re1 b5 7. Bb3 O-O 
8. h3 Bb7 9. d3 d5 10. exd5 Nxd5 11. a4 Nd4 12. Nbd2 Nxb3 13. Nxb3 f6 
14. Na5 Qc8 15. Bd2 Nb6 16. b3 bxa4 17. bxa4 Re8 18. Nxb7 Qxb7 19. Nh4 Qc6 
20. a5 Nc8 21. Nf5 Nd6 22. Nxe7+ Rxe7 23. Rb1 Rd7 24. Rb4 Rc8 25. Qb1 Qd5 
26. Be3 Rdd8 27. Qb2 h6 28. Ra1 Nf5 29. Qa2 Qxa2 30. Rxa2 Kf7 31. Rb7 Rd6 
32. Ra4 Rc6 33. Rc4 Rxc4 34. dxc4 Nd6 35. Ra7 Nxc4 36. Rxa6 Nd6 37. g4 Ke6 
38. Kf1 Kd5 39. Ke2 Rb8 40. Ra7 Kc6 41. Kd3 e4+ 42. Ke2 Re8 43. Ra6+ Kb5 
44. Ra7 Kc6 45. Ra6+ Kb5 46. Ra7 Kc6 1/2-1/2

[Event "Tuesday 03 April Rapid Engine Tour12+1 Rounds 9 Starts 1600ST"]
[Site "Infinity Chess"]
[Date "2018.4.3"]
[Round "3"]
[White "THE_MACHINE"]
[Black "MarioDeMonti"]
[Result "1/2-1/2"]
[ECO "C50"]
[WhiteElo "2491"]
[BlackElo "2506"]
[WhiteEngine "BrainFish_180401_x64_bmi2"]
[BlackEngine "stockfish_x64_bmi2_2018_02_18_CTG"]
[EventType "Swiss"]
[WhiteTeam ""]
[BlackTeam ""]
[PlyCount "147"]
[TimeControl "720+1"]

1. e4 e5 2. Nf3 Nc6 3. Bc4 Bc5 4. O-O Nf6 5. d3 d6 6. c3 a5 7. Nbd2 O-O 
8. Re1 h6 9. Nf1 a4 10. h3 Bd7 11. Bb5 Ne7 12. Bxd7 Qxd7 13. Ng3 Bb6 14. d4 Rfe8 
15. Be3 Qb5 16. Rb1 exd4 17. cxd4 d5 18. e5 Ne4 19. Nh4 Nxg3 20. fxg3 g5 
21. Kh1 Qd7 22. Nf3 Nf5 23. Bf2 Rf8 24. Qd3 Ng7 25. Nh2 f5 26. exf6 Qf5 
27. Qb5 Ne8 28. Ng4 Kh8 29. Rf1 Nd6 30. Qb4 Ne4 31. Kg1 Nxf6 32. Be3 Qg6 
33. Rbd1 Kg8 34. Ne5 Qe8 35. Rf3 Nd7 36. Rdf1 Rxf3 37. Rxf3 c5 38. Qa3 Nxe5 
39. dxe5 d4 40. Qd3 Bd8 41. Qc4+ Kg7 42. Bd2 Rc8 43. h4 Rc6 44. hxg5 Bxg5 
45. Bxg5 hxg5 46. Rf5 Qe7 47. g4 Re6 48. Qd5 Kg6 49. Qe4 Kh6 50. Kf2 Kg7 
51. Qd5 Kh6 52. Kf3 Kg7 53. Ke4 Rb6 54. b3 a3 55. Kd3 Re6 56. Kd2 Rb6 
57. Qc4 Re6 58. Qe2 Rh6 59. Kd1 Rh1+ 60. Kc2 Ra1 61. Kd3 b5 62. Rf6 c4+ 
63. Kxd4 cxb3 64. Qd2 Qa7+ 65. Ke4 Qa8+ 66. Kd4 Qa7+ 67. Kd5 Qd7+ 68. Rd6 Qxg4 
69. Kc5 bxa2 70. Rd7+ Kh8 71. Rd8+ Kg7 72. Rd7+ Kh8 73. Rd8+ Kg7 74. Rd7+ 
1/2-1/2

[Event "Tuesday 03 April Rapid Engine Tour12+1 Rounds 9 Starts 1600ST"]
[Site "Infinity Chess"]
[Date "2018.4.3"]
[Round "2"]
[White "KillBill2017"]
[Black "IronMan"]
[Result "1/2-1/2"]
[ECO "B90"]
[WhiteElo "2407"]
[BlackElo "2466"]
[WhiteEngine "Raubfisch X37f_CTG"]
[BlackEngine "Eman 1.70-beta13 64-bit BMI2"]
[EventType "Swiss"]
[WhiteTeam ""]
[BlackTeam ""]
[PlyCount "155"]
[TimeControl "720+1"]

1. e4 c5 2. Nf3 d6 3. d4 cxd4 4. Nxd4 Nf6 5. Nc3 a6 6. Be3 e5 7. Nb3 Be6 
8. f3 h5 9. Qd2 Nbd7 10. Nd5 Bxd5 11. exd5 g6 12. Be2 Bg7 13. O-O b6 14. c4 O-O 
15. Rae1 Re8 16. Bf2 Qc7 17. Kh1 Rac8 18. Bg1 a5 19. Na1 Kh7 20. Nc2 b5 
21. Na3 bxc4 22. Nb5 Qb8 23. Na7 Qa8 24. Nxc8 Rxc8 25. Rc1 Bh6 26. Be3 Bxe3 
27. Qxe3 Nxd5 28. Qa3 N7b6 29. Qxd6 Rc6 30. Qa3 a4 31. Rfe1 Qc8 32. g3 Kg7 
33. Bf1 Qc7 34. Rc2 Re6 35. Kg1 h4 36. Re4 hxg3 37. hxg3 f5 38. Rh4 e4 
39. fxe4 Rxe4 40. Rxe4 fxe4 41. Kh1 e3 42. Rg2 Qc6 43. Be2 g5 44. b3 c3 
45. Bd3 g4 46. Kg1 axb3 47. Rh2 Nd7 48. Qxb3 Qc5 49. Kh1 N5f6 50. Rc2 Qc6+ 
51. Kh2 Nd5 52. Be4 N7f6 53. Bxd5 Nxd5 54. a4 Kf6 55. a5 Qd7 56. Rxc3 e2 
57. Rc1 Qh7+ 58. Kg1 Qa7+ 59. Kg2 Qd4 60. Qb1 Ne3+ 61. Kf2 Nf5+ 62. Ke1 Qg1+ 
63. Kxe2 Qe3+ 64. Kd1 Qf3+ 65. Ke1 Qxg3+ 66. Kd1 Qf3+ 67. Kd2 Qf2+ 68. Kc3 Qc5+ 
69. Kb2 Qb5+ 70. Ka1 Qxa5+ 71. Qa2 Qb6 72. Rc3 Qd4 73. Qb2 g3 74. Rc1 g2 
75. Qxd4+ Nxd4 76. Rg1 Nc2+ 77. Kb2 Ne3 78. Kc1 1/2-1/2

[Event "Tuesday 03 April Rapid Engine Tour12+1 Rounds 9 Starts 1600ST"]
[Site "Infinity Chess"]
[Date "2018.4.3"]
[Round "2"]
[White "hafaba"]
[Black "CrapCleaner"]
[Result "1/2-1/2"]
[ECO "C55"]
[WhiteElo "2416"]
[BlackElo "2398"]
[WhiteEngine "Eman 1.70-beta13 64-bit POPCNT"]
[BlackEngine "Houdini 6.03 Standard_CTG"]
[EventType "Swiss"]
[WhiteTeam ""]
[BlackTeam ""]
[PlyCount "130"]
[TimeControl "720+1"]

1. e4 e5 2. Nf3 Nc6 3. Bc4 Nf6 4. d3 Bc5 5. O-O d6 6. c3 h6 7. b4 Bb6 8. a4 a5 
9. b5 Ne7 10. Be3 Bxe3 11. fxe3 Ng6 12. Bb3 O-O 13. c4 c6 14. Nc3 Be6 
15. Rb1 Rc8 16. Rc1 d5 17. cxd5 cxd5 18. exd5 Nxd5 19. Nxd5 Rxc1 20. Qxc1 Bxd5 
21. Bxd5 Qxd5 22. Qc4 Rd8 23. Qxd5 Rxd5 24. Nd2 Rxd3 25. Nc4 Ne7 26. Nxa5 b6 
27. Nc4 Nd5 28. Rb1 Rc3 29. Nxe5 Ra3 30. Rd1 Nxe3 31. Rd8+ Kh7 32. Kf2 f6 
33. Nd7 Nc4 34. Ra8 Kg6 35. Ra6 Kf5 36. Nxb6 Nxb6 37. Rxb6 Rxa4 38. Rb7 Ra2+ 
39. Kg3 Ra3+ 40. Kh4 g6 41. Rb6 Ke5 42. Rc6 Rb3 43. Rc5+ Kd4 44. Rc6 Rb4 
45. g4 Ke5 46. b6 Rb2 47. Kg3 Rb4 48. Kh4 Rb2 49. Kg3 Rb4 50. Kf3 h5 51. h3 Rb3+ 
52. Ke2 h4 53. Kd2 Rxh3 54. Rc5+ Kd4 55. Rb5 Rd3+ 56. Ke2 Re3+ 57. Kf2 Re8 
58. b7 Rb8 59. Kg2 g5 60. Rb6 Kc4 61. Kh3 Kd4 62. Kh2 Kc3 63. Kh3 Kd4 
64. Rb5 Kc4 65. Rb6 Kd4 1/2-1/2

[Event "Tuesday 03 April Rapid Engine Tour12+1 Rounds 9 Starts 1600ST"]
[Site "Infinity Chess"]
[Date "2018.4.3"]
[Round "2"]
[White "beka"]
[Black "ludimilojko"]
[Result "1/2-1/2"]
[ECO "A05"]
[WhiteElo "2375"]
[BlackElo "2282"]
[WhiteEngine "stockfish_18032408_32bit"]
[BlackEngine "CorChess 2.2 020418 _x64_CTG"]
[EventType "Swiss"]
[WhiteTeam ""]
[BlackTeam ""]
[PlyCount "104"]
[TimeControl "720+1"]

1. Nf3 Nf6 2. d4 d5 3. c4 e6 4. Nc3 c6 5. e3 Nbd7 6. Bd3 dxc4 7. Bxc4 b5 
8. Bd3 Bb7 9. a3 Bd6 10. O-O O-O 11. Qc2 h6 12. e4 e5 13. h3 Re8 14. Be3 Qc7 
15. Rad1 a6 16. Nxe5 Nxe5 17. dxe5 Bxe5 18. f4 Bxc3 19. bxc3 c5 20. e5 Nd5 
21. Bc1 c4 22. Bh7+ Kh8 23. Be4 Rad8 24. Bxd5 Rxd5 25. Rxd5 Bxd5 26. Be3 Qe7 
27. Ra1 Kg8 28. Kh2 Bc6 29. Bd4 a5 30. Qf2 Qd7 31. f5 Be4 32. g4 Bb7 33. Re1 b4 
34. axb4 axb4 35. cxb4 Rd8 36. Bc3 Qc6 37. b5 Qxb5 38. e6 Rd3 39. e7 Bc6 
40. Re3 Qb8+ 41. Qg3 Qxg3+ 42. Rxg3 Rxg3 43. Kxg3 f6 44. Bb4 Kf7 45. Kf2 h5 
46. Kg3 Ba4 47. Kh4 hxg4 48. hxg4 g5+ 49. fxg6+ Kxg6 50. Kg3 Kf7 51. Kf4 c3 
52. Bxc3 Kxe7 1/2-1/2

[Event "Tuesday 03 April Rapid Engine Tour12+1 Rounds 9 Starts 1600ST"]
[Site "Infinity Chess"]
[Date "2018.4.3"]
[Round "2"]
[White "angriff"]
[Black "Dovahkiin"]
[Result "1/2-1/2"]
[ECO "B90"]
[WhiteElo "2403"]
[BlackElo "2383"]
[WhiteEngine "DracoREX 3.07 64BIT POPCNT_CTG"]
[BlackEngine "BrainFish_180329_x64_modern_CTG"]
[EventType "Swiss"]
[WhiteTeam ""]
[BlackTeam ""]
[PlyCount "208"]
[TimeControl "720+1"]

1. e4 c5 2. Nf3 d6 3. d4 cxd4 4. Nxd4 Nf6 5. Nc3 a6 6. Be3 e5 7. Nb3 Be6 
8. f3 h5 9. Qd2 Nbd7 10. Nd5 Bxd5 11. exd5 g6 12. Na5 Bg7 13. Nxb7 Qb8 
14. Na5 Qxb2 15. Rd1 O-O 16. Be2 Rac8 17. c4 Qxd2+ 18. Kxd2 e4 19. Nc6 exf3 
20. gxf3 Rfe8 21. Rb1 Nc5 22. Bd1 Nfd7 23. Re1 Kh7 24. Bc2 Bh6 25. Bxh6 Kxh6 
26. Kc3 h4 27. Kd2 Rxe1 28. Rxe1 Kg5 29. Re7 Kf6 30. Re3 Nb6 31. Bd3 Kg5 
32. Re7 f5 33. Rf7 Nbd7 34. Ne7 Rb8 35. f4+ Kxf4 36. Nxg6+ Kg5 37. Bxf5 Rb2+ 
38. Bc2 Rxc2+ 39. Kxc2 Kxg6 40. Rf1 Ne5 41. Kc3 Ne4+ 42. Kb4 Kg5 43. Rg1+ Kf4 
44. Rg8 Nf3 45. Rf8+ Ke3 46. h3 Nfg5 47. Ka5 Nc5 48. Rg8 Nxh3 49. Rh8 Kd3 
50. Rxh4 Nf2 51. Kb4 Kd2 52. Rh2 Ke3 53. Ka5 Nfe4 54. Kb4 Nf2 55. Ka5 Nfd3 
56. Rh4 Ne5 57. Kb4 Kd3 58. a4 Ne4 59. Ka5 Nc5 60. Kb4 Ke3 61. Rh3+ Nf3 
62. Ka5 Ke4 63. Kb4 Ne5 64. Rh4+ Ke3 65. Rh3+ Nf3 66. Rh6 Nd2 67. Rh2 Kd3 
68. Rh4 Nce4 69. Ka5 Nc3 70. Kb4 Nce4 71. Ka5 Nc3 72. Kb4 Nde4 73. Rh3+ Kd4 
74. Rh4 a5+ 75. Kxa5 Kxc4 76. Rf4 Kxd5 77. Kb4 Kc6 78. Kb3 d5 79. Rh4 Ne2 
80. Kb4 Nd4 81. Rh6+ Kb7 82. a5 Nc6+ 83. Ka4 Nc3+ 84. Kb3 Nb5 85. Rh7+ Ka6 
86. Rh5 d4 87. Rh6 Nba7 88. Ka4 Kb7 89. Rh1 Kc7 90. Rh5 Nc8 91. Rh1 Kd6 
92. Kb5 Ne5 93. a6 d3 94. Kb4 Kd5 95. Kb3 Kd4 96. Rh4+ Ke3 97. Kc3 Nd6 
98. Rh3+ Ke4 99. Kd2 Ndc4+ 100. Kc3 Na3 101. Kb4 Nc2+ 102. Kc3 Na3 103. Rh4+ Ke3 
104. Rh3+ Ke4 1/2-1/2

[Event "Tuesday 03 April Rapid Engine Tour12+1 Rounds 9 Starts 1600ST"]
[Site "Infinity Chess"]
[Date "2018.4.3"]
[Round "2"]
[White "star99"]
[Black "Vimtiroba"]
[Result "1/2-1/2"]
[ECO "D31"]
[WhiteElo "2417"]
[BlackElo "2430"]
[WhiteEngine "Cryptic Heroes 9.2B"]
[BlackEngine "SF9 ''C1''_CTG"]
[EventType "Swiss"]
[WhiteTeam ""]
[BlackTeam ""]
[PlyCount "70"]
[TimeControl "720+1"]

1. d4 d5 2. c4 e6 3. Nc3 c6 4. Nf3 Nf6 5. e3 Nbd7 6. Qc2 Bd6 7. Be2 O-O 
8. O-O b6 9. b3 Bb7 10. Bb2 Qe7 11. Rad1 Rfe8 12. e4 dxe4 13. Nxe4 Nxe4 
14. Qxe4 Rad8 15. Ne5 f5 16. Qf3 Nxe5 17. dxe5 Bb4 18. Qe3 Rxd1 19. Rxd1 Rd8 
20. Rxd8+ Qxd8 21. Bf3 c5 22. h3 Bxf3 23. Qxf3 Qd2 24. Qa8+ Kf7 25. Qxa7+ Kg6 
26. Qxb6 Qxb2 27. Qxe6+ Kg5 28. Qe7+ Kg6 29. Qe6+ Kg5 30. h4+ Kg4 31. Qe7 Qc1+ 
32. Kh2 Qf4+ 33. Kg1 Qc1+ 34. Kh2 Qf4+ 35. Kg1 Qc1+ 1/2-1/2

[Event "Tuesday 03 April Rapid Engine Tour12+1 Rounds 9 Starts 1600ST"]
[Site "Infinity Chess"]
[Date "2018.4.3"]
[Round "2"]
[White "Mr Aj"]
[Black "ocirema"]
[Result "1/2-1/2"]
[ECO "D30"]
[WhiteElo "2439"]
[BlackElo "2435"]
[WhiteEngine "Houdini 6_CTG"]
[BlackEngine "stockfish_18040300_x64_modern_CTG"]
[EventType "Swiss"]
[WhiteTeam ""]
[BlackTeam ""]
[PlyCount "128"]
[TimeControl "720+1"]

1. d4 d5 2. c4 e6 3. Nf3 Nf6 4. Nc3 c6 5. e3 Nbd7 6. Qc2 Bd6 7. Bd3 O-O 
8. O-O dxc4 9. Bxc4 a6 10. a4 c5 11. dxc5 Bxc5 12. Ne4 Nxe4 13. Qxe4 Qe7 
14. b3 Nf6 15. Qc2 h6 16. Rd1 b6 17. Rf1 Bb7 18. Bb2 Bd6 19. Qe2 a5 20. Ne5 Rac8 
21. Rad1 Rfd8 22. Rd3 Bb4 23. Rfd1 Rxd3 24. Nxd3 Bd6 25. Bd4 Rd8 26. f3 Qc7 
27. Kh1 Nd7 28. h3 Nf6 29. Qf2 Nh5 30. e4 Ng3+ 31. Kg1 Ne2+ 32. Qxe2 Bh2+ 
33. Kh1 Rxd4 34. Rc1 Bf4 35. Rc2 Qd6 36. e5 Qd8 37. Nxf4 Rxf4 38. Kh2 h5 
39. Qe3 Qd4 40. Qxd4 Rxd4 41. Kg3 g5 42. Kf2 Kf8 43. Ke2 h4 44. Ke3 Rd1 
45. Rf2 Ke7 46. Rf1 Rxf1 47. Bxf1 Bd5 48. Bc4 Ba8 49. Bd3 Bb7 50. Bc4 f6 
51. Kd4 Bc6 52. Bd3 Bd7 53. Be4 f5 54. Bd3 Bc6 55. Be2 g4 56. Ke3 gxh3 
57. gxh3 Bd5 58. Bc4 Bc6 59. Bb5 Bb7 60. Bc4 Kf7 61. Kf4 Bc6 62. Ke3 Ke7 
63. Be2 Bd5 64. Bc4 Bc6 1/2-1/2

[Event "Tuesday 03 April Rapid Engine Tour12+1 Rounds 9 Starts 1600ST"]
[Site "Infinity Chess"]
[Date "2018.4.3"]
[Round "2"]
[White "Prometheus"]
[Black "RonWeasley"]
[Result "1/2-1/2"]
[ECO "A46"]
[WhiteElo "2446"]
[BlackElo "2443"]
[WhiteEngine "Eman 1.70-beta13 64-bit BMI2"]
[BlackEngine "BrainFish 010418 WM_CTG"]
[EventType "Swiss"]
[WhiteTeam ""]
[BlackTeam ""]
[PlyCount "110"]
[TimeControl "720+1"]

1. d4 Nf6 2. Nf3 d5 3. c4 e6 4. Nc3 c6 5. Bg5 h6 6. Bxf6 Qxf6 7. e3 Nd7 
8. Bd3 dxc4 9. Bxc4 g6 10. O-O Bg7 11. e4 e5 12. d5 Nb6 13. Bb3 Bg4 14. Re1 Bxf3 
15. Qxf3 Qxf3 16. gxf3 O-O 17. dxc6 bxc6 18. Na4 Rfc8 19. Rac1 Bf8 20. Red1 Rc7 
21. Rc2 c5 22. Bd5 Rb8 23. Nxb6 axb6 24. a4 Rd7 25. Rc3 Ra8 26. Ra1 Raa7 
27. Rb3 Rd6 28. Rb5 Kg7 29. a5 bxa5 30. Rbxa5 Rxa5 31. Rxa5 Rd7 32. Kf1 Rc7 
33. Ke2 Be7 34. Kd3 Bh4 35. Ke2 Be7 36. Ra4 h5 37. Kd2 Rd7 38. Kd3 Bh4 
39. Ke2 Be7 40. Ra5 Rc7 41. Kd3 Bh4 42. Ke2 Be7 43. Ra4 Rd7 44. Ra8 Rc7 
45. Kd3 Bh4 46. Ke2 Be7 47. Ra6 c4 48. Ra4 c3 49. bxc3 Rxc3 50. Ra7 Kf6 
51. h4 Rc2+ 52. Ke1 Rc3 53. Ke2 Rc2+ 54. Ke1 Rc1+ 55. Ke2 Rc2+ 1/2-1/2

[Event "Tuesday 03 April Rapid Engine Tour12+1 Rounds 9 Starts 1600ST"]
[Site "Infinity Chess"]
[Date "2018.4.3"]
[Round "2"]
[White "KULLANI"]
[Black "MGR"]
[Result "1/2-1/2"]
[ECO "D31"]
[WhiteElo "2442"]
[BlackElo "2449"]
[WhiteEngine "BrainFish_180329_x64"]
[BlackEngine "asmFishW_2018-04-02_bmi2"]
[EventType "Swiss"]
[WhiteTeam ""]
[BlackTeam ""]
[PlyCount "35"]
[TimeControl "720+1"]

1. d4 d5 2. c4 e6 3. Nc3 c6 4. e4 dxe4 5. Nxe4 Bb4+ 6. Nc3 c5 7. a3 Ba5 
8. Be3 Ne7 9. Nge2 cxd4 10. Nxd4 Bxc3+ 11. bxc3 Qa5 12. Nb5 O-O 13. Bc5 Nbc6 
14. Bb4 Qb6 15. Bd6 Qa5 16. Bb4 Qb6 17. Bd6 Qa5 18. Bb4 1/2-1/2

[Event "Tuesday 03 April Rapid Engine Tour12+1 Rounds 9 Starts 1600ST"]
[Site "Infinity Chess"]
[Date "2018.4.3"]
[Round "2"]
[White "Thinker"]
[Black "Marsell"]
[Result "1/2-1/2"]
[ECO "C55"]
[WhiteElo "2450"]
[BlackElo "2452"]
[WhiteEngine "BrainFish_180329_x64_modern_CTG"]
[BlackEngine "asmFishW_2018-04-02_bmi2"]
[EventType "Swiss"]
[WhiteTeam ""]
[BlackTeam ""]
[PlyCount "81"]
[TimeControl "720+1"]

1. e4 e5 2. Nf3 Nc6 3. Bc4 Nf6 4. d3 Bc5 5. c3 d6 6. O-O O-O 7. Bg5 h6 8. Bh4 a6 
9. b4 Ba7 10. a4 g5 11. Bg3 g4 12. Bh4 Kg7 13. Kh1 gxf3 14. Qxf3 Nb8 15. Rg1 Rh8 
16. g4 Nbd7 17. Nd2 Nf8 18. g5 hxg5 19. Bxg5 Ng6 20. Rg3 Rh7 21. Rag1 b5 
22. Bd5 Rb8 23. Nf1 Qe7 24. Ne3 Bxe3 25. fxe3 Nxd5 26. Bxe7 Ndxe7 27. axb5 axb5 
28. Ra1 Be6 29. Ra7 Rc8 30. Kg1 d5 31. exd5 Nxd5 32. Ra2 Rh6 33. Ra6 Nxc3 
34. h4 e4 35. dxe4 Rd8 36. h5 Rd1+ 37. Kf2 Rd2+ 38. Ke1 Rd1+ 39. Kf2 Rd2+ 
40. Ke1 Rd1+ 41. Kf2 1/2-1/2

[Event "Tuesday 03 April Rapid Engine Tour12+1 Rounds 9 Starts 1600ST"]
[Site "Infinity Chess"]
[Date "2018.4.3"]
[Round "2"]
[White "Harry_Potter"]
[Black "KRAKEN"]
[Result "1/2-1/2"]
[ECO "D31"]
[WhiteElo "2474"]
[BlackElo "2469"]
[WhiteEngine "asmFishW_2018-03-27_bmi2_CTG"]
[BlackEngine "Raubfisch X38_CTG"]
[EventType "Swiss"]
[WhiteTeam ""]
[BlackTeam ""]
[PlyCount "86"]
[TimeControl "720+1"]

1. d4 d5 2. c4 e6 3. Nc3 c6 4. cxd5 exd5 5. Bf4 Nf6 6. e3 Bf5 7. Nf3 Nbd7 
8. Be2 Be7 9. h3 O-O 10. Nh4 Be6 11. Bd3 Re8 12. Nf3 Nh5 13. Bh2 g6 14. O-O Ng7 
15. Rc1 Rc8 16. Qb3 Qb6 17. Nd2 Bf5 18. Be2 Be6 19. Na4 Qa5 20. Nf3 Nf5 
21. Bd3 Bd6 22. Bxd6 Nxd6 23. Nc5 Qc7 24. Qb4 a5 25. Qb3 Re7 26. Rfd1 Nf6 
27. Na4 Rce8 28. Ne5 Nfe4 29. Qb6 Qc8 30. Bxe4 Nxe4 31. Nc3 Nxc3 32. Rxc3 Bxh3 
33. gxh3 Qxh3 34. Rdc1 f6 35. Nd3 h5 36. Qb3 g5 37. Nc5 Re4 38. Nxe4 Rxe4 
39. f4 Qg3+ 40. Kh1 Qf3+ 41. Kg1 Qg3+ 42. Kh1 Qh3+ 43. Kg1 Qg3+ 1/2-1/2

[Event "Tuesday 03 April Rapid Engine Tour12+1 Rounds 9 Starts 1600ST"]
[Site "Infinity Chess"]
[Date "2018.4.3"]
[Round "2"]
[White "SkyPilot"]
[Black "MCDermont"]
[Result "1/2-1/2"]
[ECO "C07"]
[WhiteElo "2495"]
[BlackElo "2502"]
[WhiteEngine "stockfish_x64_bmi2_2018_03_30_CTG"]
[BlackEngine "BrainFish 010418 WM_CTG"]
[EventType "Swiss"]
[WhiteTeam ""]
[BlackTeam ""]
[PlyCount "216"]
[TimeControl "720+1"]

1. e4 e6 2. d4 d5 3. Nd2 c5 4. Ngf3 cxd4 5. exd5 Qxd5 6. Bc4 Qd6 7. O-O Nf6 
8. Nb3 Nc6 9. Nbxd4 Nxd4 10. Nxd4 a6 11. Re1 Qc7 12. Bd3 Bd6 13. Kh1 Bd7 
14. Nf5 Bf8 15. Qf3 Bc6 16. Bf4 Qa5 17. Qe2 O-O-O 18. Nh4 Qh5 19. Nf3 Bxf3 
20. gxf3 Bd6 21. Bg3 Rd7 22. Rg1 g6 23. Rad1 Rhd8 24. c3 Qc5 25. b4 Qc7 
26. c4 Bxg3 27. hxg3 h5 28. b5 axb5 29. cxb5 Nd5 30. b6 Qxb6 31. Rb1 Qd4 
32. Rgc1+ Kb8 33. Rc4 Qh8 34. Qd2 h4 35. Rxh4 Qc3 36. Qc2 Rc7 37. Qb3 Qxb3 
38. Rxb3 Nc3 39. Ba6 Nxa2 40. Kg2 Nc1 41. Rb1 Nd3 42. Bb5 Rc3 43. Rh7 Rf8 
44. Rh4 Rd8 45. Rh7 Rf8 46. Rh4 Nc5 47. Rhb4 Kc7 48. R1b2 Ra8 49. f4 Kd8 
50. Be2 Ke8 51. Rb5 Ra1 52. Rd2 Rcc1 53. Rdb2 Na4 54. Rd2 Nc5 55. Rdb2 Na4 
56. Rd2 b6 57. Rb4 Kf8 58. Bd3 Kg7 59. Kh2 Kf6 60. Kg2 Rg1+ 61. Kh3 Rh1+ 
62. Kg2 Rhg1+ 63. Kh2 Rh1+ 64. Kg2 Rhc1 65. Kh2 Kg7 66. Kg2 Kf6 67. Kh2 Rc8 
68. Rc2 Nc5 69. Bc4 Nd7 70. Kg2 Ke7 71. Rcb2 Rc5 72. Bb3 Raa5 73. Bd1 Rc1 
74. Bb3 Ra7 75. Bc2 Ra8 76. Bb3 Ra5 77. Bc2 Rca1 78. Bb3 Rc1 79. Bc2 Rd5 
80. Bb3 Rd6 81. Ba4 Nc5 82. Bb5 Rdd1 83. Ra2 Rg1+ 84. Kh2 Rh1+ 85. Kg2 Rcg1+ 
86. Kf3 Rb1 87. Ra7+ Kf8 88. Ra8+ Kg7 89. Rxb1 Rxb1 90. Be8 Kf8 91. Bc6+ Ke7 
92. Ra7+ Kd6 93. Be8 f5 94. Bxg6 b5 95. Ra8 b4 96. Kg2 Rc1 97. g4 fxg4 
98. f5 Ke5 99. fxe6 Nxe6 100. Kg3 b3 101. Rb8 b2 102. Rxb2 Nd4 103. Kxg4 Rg1+ 
104. Kh5 Rf1 105. f4+ Rxf4 106. Bb1 Kd6 107. Ba2 Nf3 108. Re2 Rh4+ 1/2-1/2

[Event "Tuesday 03 April Rapid Engine Tour12+1 Rounds 9 Starts 1600ST"]
[Site "Infinity Chess"]
[Date "2018.4.3"]
[Round "2"]
[White "Brtroy"]
[Black "MarioDeMonti"]
[Result "1/2-1/2"]
[ECO "C58"]
[WhiteElo "2502"]
[BlackElo "2506"]
[WhiteEngine "Stockfish_18040103_x64_bmi2_CTG"]
[BlackEngine "stockfish_x64_bmi2_2018_02_18_CTG"]
[EventType "Swiss"]
[WhiteTeam ""]
[BlackTeam ""]
[PlyCount "170"]
[TimeControl "720+1"]

1. e4 e5 2. Nf3 Nc6 3. Bc4 Nf6 4. Ng5 d5 5. exd5 Na5 6. Bb5+ c6 7. dxc6 bxc6 
8. Be2 h6 9. Nh3 Bc5 10. O-O O-O 11. d3 Nb7 12. Kh1 Re8 13. Nc3 Bb6 14. f4 Bc7 
15. Bf3 Bxh3 16. gxh3 Qd7 17. f5 Nd6 18. Ne4 Ndxe4 19. dxe4 Qd4 20. Qe2 Red8 
21. a4 a5 22. Rg1 Kh8 23. Qg2 Rg8 24. Rd1 Qb4 25. Rd3 Bb6 26. Bd2 Qe7 
27. Be1 Bd4 28. Rb3 g6 29. fxg6 fxg6 30. Bd2 Kh7 31. Rf1 Ne8 32. Be2 Nd6 
33. h4 Rg7 34. Rh3 Rf8 35. Rxf8 Qxf8 36. b3 Bb6 37. Rf3 Qd8 38. Bd3 Nb7 
39. Qh3 Qd6 40. Qc8 Nd8 41. Qg4 Nb7 42. Qc8 Nd8 43. Qa6 Qc7 44. Bc3 h5 
45. Bxe5 Qxe5 46. Qxb6 Ne6 47. Kg1 Nf4 48. Bf1 c5 49. Qxa5 Qxe4 50. Qc3 Ne2+ 
51. Bxe2 Qxe2 52. h3 Qe4 53. a5 Qxh4 54. Qxc5 Rd7 55. Qe3 Qb4 56. Qe5 Rd1+ 
57. Rf1 Rd7 58. Rf4 Rd1+ 59. Rf1 Rd7 60. Qe6 Qc5+ 61. Kh1 Rg7 62. a6 Qxc2 
63. Qc4 Qd2 64. h4 Qd7 65. Kg2 Qa7 66. Rf6 Qe7 67. Rb6 Qd8 68. Rb7 Qd2+ 
69. Kf3 Qd1+ 70. Qe2 Qh1+ 71. Kf2 Rxb7 72. axb7 Qxb7 73. Qc4 Qe7 74. Kg2 Qb7+ 
75. Kf2 Qa7+ 76. Ke1 Kh6 77. Ke2 Qa2+ 78. Kf3 Qa8+ 79. Ke2 Qg2+ 80. Kd1 g5 
81. Qe6+ Kg7 82. hxg5 Qxg5 83. Kc2 h4 84. Qd7+ Kh6 85. Kd3 Qc1 1/2-1/2

[Event "Tuesday 03 April Rapid Engine Tour12+1 Rounds 9 Starts 1600ST"]
[Site "Infinity Chess"]
[Date "2018.4.3"]
[Round "2"]
[White "ivrdurant"]
[Black "THE_MACHINE"]
[Result "1/2-1/2"]
[ECO "C55"]
[WhiteElo "2471"]
[BlackElo "2492"]
[WhiteEngine "Raubfisch ME262_GTZ16d4"]
[BlackEngine "BrainFish_180401_x64_bmi2"]
[EventType "Swiss"]
[WhiteTeam ""]
[BlackTeam ""]
[PlyCount "128"]
[TimeControl "720+1"]

1. e4 e5 2. Nf3 Nc6 3. Bc4 Nf6 4. d3 Bc5 5. O-O d6 6. c3 O-O 7. h3 a5 8. Bg5 h6 
9. Bh4 g5 10. Bg3 Nh5 11. d4 Nxg3 12. fxg3 Ba7 13. Kh2 g4 14. Nh4 exd4 
15. Nf5 Kh7 16. h4 Ne5 17. Be2 Bxf5 18. Rxf5 dxc3 19. Nxc3 c6 20. Bxg4 Qb6 
21. Bh5 Rae8 22. Qe2 Kg7 23. Raf1 Re7 24. g4 Qe3 25. g5 hxg5 26. Rxg5+ Kh8 
27. Rgf5 Kg8 28. Rg5+ Kh8 29. Rgf5 b5 30. Qxe3 Bxe3 31. Ne2 a4 32. Kh3 Kg8 
33. Ng3 Re6 34. Bd1 Ra8 35. b3 c5 36. bxa4 bxa4 37. Nh5 Ra7 38. Bc2 Rb7 
39. Bxa4 c4 40. g3 c3 41. Nf4 Rh6 42. Ng2 Bd2 43. Ne1 Re6 44. Bb3 Bxe1 
45. Rxe1 Nd3 46. Re2 Nc1 47. Rc2 Nxb3 48. axb3 Rxb3 49. Rf3 Rxe4 50. Rfxc3 Rxc3 
51. Rxc3 Rd4 52. g4 d5 53. g5 Rd1 54. h5 d4 55. Rc6 d3 56. Rd6 d2 57. Kg2 Kg7 
58. Rd7 Kh8 59. h6 Kh7 60. Rxf7+ Kg6 61. Rd7 Rb1 62. h7 d1=Q 63. Rxd1 Rb2+ 
64. Kf1 Kxh7 1/2-1/2

[Event "Tuesday 03 April Rapid Engine Tour12+1 Rounds 9 Starts 1600ST"]
[Site "Infinity Chess"]
[Date "2018.4.3"]
[Round "1"]
[White "ludimilojko"]
[Black "KULLANI"]
[Result "1/2-1/2"]
[ECO "D43"]
[WhiteElo "2275"]
[BlackElo "2449"]
[WhiteEngine "CorChess 2.2 020418 _x64_CTG"]
[BlackEngine "BrainFish_180329_x64"]
[EventType "Swiss"]
[WhiteTeam ""]
[BlackTeam ""]
[PlyCount "153"]
[TimeControl "720+1"]

1. d4 d5 2. c4 e6 3. Nc3 Nf6 4. Nf3 c6 5. Bg5 h6 6. Bxf6 Qxf6 7. e3 Nd7 
8. Bd3 Qd8 9. O-O Be7 10. Rc1 O-O 11. Qc2 dxc4 12. Bxc4 b5 13. Be2 Bb7 
14. Rfd1 Qb6 15. Ne4 Rac8 16. Nc5 Nxc5 17. dxc5 Qc7 18. b4 a5 19. a3 Rcd8 
20. Nd4 a4 21. Qe4 Bf6 22. Bf3 Rd5 23. Rd2 Rfd8 24. Rcd1 Qc8 25. Qc2 R5d7 
26. Be4 Kh8 27. f4 Qc7 28. Nf3 Rxd2 29. Rxd2 g5 30. Rxd8+ Qxd8 31. Ne5 Kg7 
32. Qe2 Kf8 33. Qd3 Qxd3 34. Bxd3 Bxe5 35. fxe5 Bc8 36. h4 Bd7 37. h5 Ke7 
38. Be4 f6 39. exf6+ Kxf6 40. g4 e5 41. Kg2 Be8 42. Kf2 Bd7 43. Kf3 Kf7 
44. Kg3 Kf6 45. Kf2 Be8 46. Bf5 Bf7 47. Kf3 Ke7 48. Ke4 Kf6 49. Bd7 Bd5+ 
50. Kd3 Bc4+ 51. Kc3 Bd5 52. Kd3 Bc4+ 53. Kc3 Bd5 54. Bf5 Bg2 55. Kd3 Bf1+ 
56. Kd2 Bg2 57. Kd3 Bd5 58. Ke2 Ke7 59. Kf2 Bc4 60. Kg3 Bb3 61. Be4 Kd7 
62. Bf5+ Kc7 63. Kf3 Bd5+ 64. Kf2 Bf7 65. Bd3 Ba2 66. Bf5 Bf7 67. Be4 Ba2 
68. Ke2 Kd7 69. Bg6 Bb3 70. Bf5+ Kc7 71. Kf2 Ba2 72. e4 Bb3 73. Ke3 Bf7 
74. Kd3 Ba2 75. Ke3 Bb3 76. Kd3 Bf7 77. Kc3 1/2-1/2

[Event "Tuesday 03 April Rapid Engine Tour12+1 Rounds 9 Starts 1600ST"]
[Site "Infinity Chess"]
[Date "2018.4.3"]
[Round "1"]
[White "MGR"]
[Black "beka"]
[Result "1/2-1/2"]
[ECO "C50"]
[WhiteElo "2452"]
[BlackElo "2372"]
[WhiteEngine "asmFishW_2018-04-02_bmi2"]
[BlackEngine "stockfish_18032408_32bit"]
[EventType "Swiss"]
[WhiteTeam ""]
[BlackTeam ""]
[PlyCount "93"]
[TimeControl "720+1"]

1. e4 e5 2. Nf3 Nc6 3. Bc4 Bc5 4. O-O Nf6 5. d3 d6 6. c3 a5 7. Re1 Ba7 
8. Nbd2 O-O 9. Nf1 Be6 10. Bxe6 fxe6 11. a4 h6 12. Qb3 Qe8 13. Be3 Bxe3 
14. fxe3 b6 15. Ng3 Nd8 16. Rf1 Rb8 17. Rf2 Ng4 18. Re2 Nf6 19. h3 Nf7 
20. Kh2 Ng5 21. Nxg5 hxg5 22. Rf1 g4 23. Ref2 Qe7 24. d4 gxh3 25. gxh3 Rf7 
26. dxe5 dxe5 27. Nh5 Rbf8 28. Nxf6+ Rxf6 29. Rxf6 Rxf6 30. Rxf6 gxf6 
31. Qd1 Kg7 32. Kg3 Kh6 33. Qg4 Qg7 34. b3 Qg5 35. Kf3 f5 36. exf5 exf5 
37. Qxg5+ Kxg5 38. Kg3 c6 39. b4 Kh5 40. bxa5 bxa5 41. c4 Kg6 42. h4 Kh5 
43. c5 Kg6 44. Kf3 Kh5 45. Kg3 Kg6 46. Kf3 Kh5 47. Kg3 1/2-1/2